Map: 2000 Atmospheres LE

Players

Throwfordays - Winner!

  • Race: Terran Terran
  • League: Gold

novacorps

  • Race: Protoss Protoss
  • League: Gold

VOD

Have the link to the VOD?

Description

Time

  • Played on: Aug. 27, 2021, 10:33 p.m.
  • Length: 6:59
Show
View Real Time Build Order
Export as new Build Order

Throwfordays Terran - Winner!

Build Orders:  

Get SALT Encoding   

  12  0:00  SCV  
  13  0:15  Supply Depot  
  13  0:17  SCV  
  14  0:25  Refinery  
  14  0:39  Barracks  
  14  0:40  SCV  
  15  0:53  SCV  
  16  1:05  SCV  
  16  1:10  Barracks  
  17  1:17  SCV  
  18  1:26  Reaper  
  18  1:28  Supply Depot  
  18  1:29  SCV  
  20  1:40  Refinery  
  20  1:41  SCV  
  21  1:59  Reaper x2  
  21  2:00  Barracks  
  23  2:05  Supply Depot  
  23  2:08  SCV  
  24  2:21  SCV  
  25  2:31  Reaper x2  
  27  2:51  Barracks  
  27  2:52  Supply Depot  
  27  2:53  SCV  
  27  2:56  Reaper  
  29  3:03  Reaper x2  
  31  3:06  SCV  
  32  3:16  Engineering Bay  
  32  3:18  SCV  
  33  3:50  Reaper x4  
  35  4:33  Reaper x4  
  35  4:34  Supply Depot  
  39  4:45  Terran Infantry Weapons Level 1  
  39  5:13  Marine x2  
  39  5:14  Marine x2  
  34  5:31  Marine x4  
  31  5:54  Marine x4  
  28  6:10  Planetary Fortress  
  22  6:20  Marine x4  
  17  6:47  SCV  
Show
View Real Time Build Order
Export as new Build Order

novacorps Protoss 

Build Orders:  

Get SALT Encoding   

  12  0:02  Probe  
  13  0:15  Pylon  
  13  0:16  Probe  
  14  0:28  Probe (Chrono Boost)  
  15  0:38  Probe (Chrono Boost)  
  15  0:41  Gateway  
  16  0:59  Assimilator  
  16  1:01  Gateway  
  16  1:26  Pylon  
  16  1:30  Cybernetics Core  
  16  1:34  Gateway, Probe (Chrono Boost)  
  17  1:43  Probe (Chrono Boost)  
  18  1:48  Probe (Chrono Boost)  
  18  1:52  Assimilator  
  19  2:00  Probe  
  20  2:04  Gateway  
  20  2:07  Adept x2  
  25  2:15  Probe  
  25  2:20  Warp Gate (Chrono Boost)  
  25  2:21  Adept  
  26  2:47  Stalker  
  28  3:16  Nexus  
  28  3:21  Probe  
  29  4:07  Stalker  
  29  4:08  Stalker x2  
  28  4:30  Probe (Chrono Boost)  
  29  4:33  Probe (Chrono Boost)  
  30  4:40  Probe (Chrono Boost)  
  30  4:42  Probe (Chrono Boost)  
  32  4:46  Probe (Chrono Boost)  
  32  4:47  Probe (Chrono Boost)  
  32  4:49  Sentry  
  36  4:56  Probe  
  35  5:08  Probe  
  36  5:21  Probe  
  37  5:25  Pylon  
  27  5:30  Pylon  
  11  5:57  Nexus  
  11  6:21  Probe (Chrono Boost)  
Tags
 
Add a new tag
Caveats
  • Supply blocks, unpowered buildings, or Contaminate may cause inaccurate times.
  • Supply counts are checked every 10 seconds.